 Dungeon Crawl Stone Soup version 0.20.1-1-g8b1a95d (webtiles) character file.

147283 theElss the Bludgeoner (level 17, -6/116 HPs)
             Began as a Gargoyle Berserker on Oct 23, 2017.
             Was a High Priest of Trog.
             Mangled by a snapping turtle (8 damage)
             ... on level 4 of the Shoals.
             The game lasted 01:43:06 (31322 turns).

theElss the Bludgeoner (Gargoyle Berserker)        Turns: 31322, Time: 01:43:06

Health: -6/116     AC: 34    Str: 27    XL:     17   Next: 46%
Magic:  17/17      EV: 10    Int:  3    God:    Trog [*****.]
Gold:   3023       SH: 15    Dex: 20    Spells: 16/16 levels left

rFire    + . .     SeeInvis .   T - +11 morningstar of Radicalism {venom, rN+ Int-5 Dex+4}
rCold    + + .     Gourm    +   e - +0 shield
rNeg     + + +     Faith    .   K - +2 plate armour {rC+}
rPois    ∞         Spirit   .   (no helmet)
rElec    +         Reflect  .   F - +1 cloak {rC+}
rCorr    .         Harm     .   h - +0 pair of gloves of Incorporation {rElec rN+}
MR       +++..                  (no boots)
Stlth    ..........             j - amulet of the gourmand
Regen    1.3/turn               Z - ring of protection from fire
MPRegen  0.2/turn               R - +6 ring of dexterity

@: barbed spikes, berserk cooldown, flying, regenerating, slowed, very slow
A: big wings, negative energy resistance 1, electricity resistance, unbreathing,
petrification resistance, rot immunity, AC +12
a: Stop Flying, Berserk, Trog's Hand, Brothers in Arms, Burn Spellbooks,
Renounce Religion


You were on level 4 of the Shoals.
You worshipped Trog.
Trog was extremely pleased with you.
You were full.

You visited 4 branches of the dungeon, and saw 27 of its levels.
You also visited: Ice Cave and Volcano.

You collected 3023 gold pieces.

Inventory:

Hand Weapons
 M - a +7 antimagic morningstar
 T - the +11 morningstar of Radicalism (weapon) {venom, rN+ Int-5 Dex+4}
   (Trog gifted it to you on level 2 of the Shoals)

   It poisons the flesh of those it strikes.
   It affects your intelligence (-5).
   It affects your dexterity (+4).
   It protects you from negative energy.
Armour
 a - the +2 pair of gloves "Qavojidgh" {rPois Regen+ Dex-2}
   (You found it on level 10 of the Dungeon)

   It affects your dexterity (-2).
   It protects you from poison.
   It increases your rate of regeneration.
 e - a +0 shield (worn)
 h - the +0 pair of gloves of Incorporation (worn) {rElec rN+}
   (You found it on level 2 of the Lair of Beasts)

   It insulates you from electricity.
   It protects you from negative energy.
 q - a +3 plate armour of fire resistance
 F - a +1 cloak of cold resistance (worn)
 K - a +2 plate armour of cold resistance (worn)
Jewellery
 d - an uncursed ring of resist corrosion
 g - an uncursed amulet of regeneration
 j - an amulet of the gourmand (around neck)
 u - an uncursed ring of positive energy
 R - a +6 ring of dexterity (right hand)
 Z - a ring of protection from fire (left hand)
Wands
 n - a wand of acid (11/15)
Scrolls
 f - 4 scrolls of fog
 k - a scroll of random uselessness {unknown}
 l - 5 scrolls of teleportation
 p - a scroll of brand weapon
 r - 3 scrolls of fear
 s - a scroll of enchant weapon
 y - 5 scrolls of remove curse
 B - 2 scrolls of magic mapping
 U - 2 scrolls of blinking
 V - a scroll of holy word
 W - 2 scrolls of recharging
Potions
 b - 8 potions of haste
 i - a potion of resistance
 x - 2 potions of heal wounds
 z - 9 potions of curing
Books
 o - a book of the Earth

   Spells                             Type                      Level
   a - Leda's Liquefaction            Hexes/Earth                  4
   b - Bolt of Magma                  Conjuration/Fire/Earth       5
   c - Statue Form                    Transmutation/Earth          6
   d - Iron Shot                      Conjuration/Earth            6
   e - Shatter                        Earth                        9
   Trog disapproves of the use of such an item.
Comestibles
 c - 14 bread rations
 m - 18 royal jellies
 A - 32 fruits
 J - 12 meat rations


   Skills:
 + Level 16.9 Fighting
 + Level 18.7 Maces & Flails
 + Level 12.1 Armour
 + Level 3.2 Dodging
 - Level 15.0 Shields


You had 16 spell levels left.
You didn't know any spells.

Dungeon Overview and Level Annotations

Branches:
Dungeon (15/15)            Temple (0/1) D:4            Lair (6/6) D:11
 Shoals (4/4) Lair:2       Spider (0/4) Lair:3        Slime (0/5) Lair:6
    Orc (2/2) D:10            Elf (0/3) Orc:2        Vaults (0/5) D:13
 Depths (0/5) D:15

Altars:
Ashenzari
Cheibriados
Elyvilon
Hepliaklqana
Kikubaaqudgha
Makhleb
Okawaru
Ru
Sif Muna
Trog
Uskayaw
Xom
Yredelemnul
The Shining One
Beogh
Jiyva

Shops:
D:8 %   Orc:2 }:(*:

Portals:
Hell: Lair:6

Annotations:
Lair:3 exclusion: oklob plant
Lair:6 1 runed door
Shoals:4 Ilsuiw


Innate Abilities, Weirdness & Mutations

You are resistant to torment.
Your stone body is resilient. (AC +12)
You are immune to poison.
Your large and strong wings let you fly indefinitely.
You resist negative energy. (rN+)
You are resistant to electric shocks. (rElec)
You can survive without breathing.
You are immune to petrification.
You are immune to rotting.


Message History

You closely miss the merfolk.
The merfolk is heavily wounded.
You hammer the merfolk like a gong!!!
You kill the merfolk!
Trog accepts your kill.
You are no longer berserk.
You are exhausted.
You feel yourself slow down.
You feel much better.
Unknown command.
Your skin crawls.
You feel resistant to hostile enchantments.
You feel somewhat less full.
The snapping turtle bites you from afar!
* * * LOW HITPOINT WARNING * * *
The snapping turtle bites you from afar!
* * * LOW HITPOINT WARNING * * *
Your deep troll goes berserk!
The snapping turtle bites you from afar!
You die...

≈≈≈≈≈≈≈≈
..........≈≈≈≈≈
≈≈≈≈≈≈≈m
.........≈≈≈≈≈≈≈
≈≈≈≈≈≈..
........≈≈≈≈≈≈≈≈
≈≈≈≈
........≈≈≈≈≈≈≈≈
≈≈≈
.......≈≈≈≈≈≈≈≈≈
≈≈
.......≈≈≈≈≈≈≈≈≈
≈≈
.≈....T≈≈≈≈≈≈≈≈≈
≈≈
#....))≈≈≈≈≈≈≈≈
≈
..##..)@(≈≈≈≈≈≈≈
#...)†(≈≈≈≈≈≈≈
#≈..t)≈≈≈≈≈≈≈≈
#≈....≈≈≈≈≈≈≈≈
#≈...≈≈≈≈≈≈≈≈≈
##...≈≈≈≈≈≈≈≈≈
#..≈≈≈≈≈≈≈≈≈≈
≈≈≈≈≈≈≈≈≈≈≈≈≈
≈≈≈≈≈≈≈≈≈≈≈≈≈≈


You could see a snapping turtle and a friendly deep troll (berserk).

Vanquished Creatures
  Kirke (Lair:5)
  A white draconian (IceCv)
  The ghost of equalderp2856 the Cleaver, a journeyman MiFi (D:11)
  3 merfolk javelineers
  3 merfolk impalers
  Snorg (Orc:1)
  A hell beast (Lair:6)
  2 centaur warriors (D:15)
  The ghost of pichaelthompson the Skirmisher, a journeyman DrSk of Hepliaklqana (D:11)
  8 hydras
  7 merfolk avatars
  8 two-headed ogres
  An alligator snapping turtle (Shoals:3)
  8 merfolk aquamancers
  6 death yaks (Lair:2)
  An ogre mage (D:15)
  An orc high priest (Orc:2)
  3 unseen horrors (D:15)
  2 wizards
  15 sea snakes
  A lindwurm (Lair:6)
  A wolf spider zombie (D:13)
  4 orc knights
  6 harpies (Shoals:4)
  3 cyclopes
  A manticore (shapeshifter) (D:15)
  6 ugly things
  13 fauns
  12 manticores
  3 black mambas
  A toenail golem (Volcano)
  A guardian serpent (shapeshifter) (D:15)
  2 salamanders (shapeshifter)
  9 merfolk sirens
  5 water nymphs
  2 centaur zombies
  A smoke demon (Lair:6)
  2 molten gargoyles (Volcano)
  5 torpor snails (Lair:4)
  The ghost of bmj180 the Slasher, a novice HuBe of Trog (D:4)
  A gargoyle (D:15)
  3 orange demons (Lair:6)
  An ice statue (IceCv)
  2 kobold demonologists
  8 spiny frogs
  9 komodo dragons
  3 efreet (Volcano)
  5 centaur skeletons
  8 rime drakes
  An ice devil (Lair:6)
  A harpy zombie (D:14)
  2 red devils (Lair:6)
  9 trolls
  15 polar bears
  6 wind drakes
  34 merfolk
  A jumping spider (Lair:3)
  A hornet (D:14)
  8 slime creatures
  12 hippogriffs
  12 blink frogs
  3 dream sheep
  8 snapping turtles
  4 shadows
  Sigmund (D:5)
  A spriggan (shapeshifter) (D:15)
  A centaur simulacrum (D:15)
  2 wraiths
  3 wyverns
  15 water elementals
  62 yaks
  3 fire elementals (Volcano)
  3 basilisks
  3 steam dragons
  2 hungry ghosts
  Eustachio (D:5)
  3 vampire mosquitoes (D:15)
  3 wargs
  3 acid dragons
  3 hell hounds (Lair:6)
  12 water moccasins
  8 porcupines
  47 orc warriors
  A hornet zombie (D:10)
  4 phantoms
  5 sky beasts
  5 black bears
  2 ice beasts
  A boggart (shapeshifter) (D:15)
  5 boggarts (D:15)
  20 centaurs
  23 wolves
  18 ogres
  8 big kobolds
  2 elf zombies (D:14)
  8 crocodiles
  11 bullfrogs
  A gnoll sergeant (D:11)
  An earth elemental (Volcano)
  5 scorpions
  A water moccasin skeleton (D:10)
  3 killer bees (D:8)
  13 wights
  2 howler monkeys
  An electric eel (Lair:6)
  2 bullfrog zombies
  6 crimson imps
  6 jellies
  A quasit (D:11)
  3 bullfrog skeletons
  5 human zombies (D:14)
  10 hounds
  14 orc priests
  29 orc wizards
  A human skeleton (D:14)
  Ijyb (D:2)
  Terence (D:2)
  3 iguanas
  5 hell rats (Lair:4)
  7 worker ants
  2 ogre zombies (D:14)
  A hound skeleton (D:11)
  A mummy (D:14)
  2 howler monkey zombies
  A howler monkey skeleton (D:4)
  4 gnolls
  3 worker ant zombies
  11 adders
  4 shadow imps
  An ooze (D:3)
  A worm (D:2)
  3 dart slugs
  5 leopard geckos
  94 orcs
  5 ball pythons
  10 bats
  9 giant cockroaches
  19 goblins
  7 hobgoblins
  7 jackals
  8 quokkas
  6 frilled lizards
  11 kobolds
  A leopard gecko skeleton (D:5)
  A leopard gecko zombie (D:7)
  An orc skeleton (D:14)
  10 rats
  2 fire vortices (Volcano)
  2 plants
952 creatures vanquished.

Vanquished Creatures (collateral kills)
  2 merfolk impalers
  A satyr (Shoals:3)
  A manticore (Shoals:4)
  3 fauns (Shoals:3)
  A merfolk (Shoals:3)
8 creatures vanquished.

Vanquished Creatures (others)
  A toenail golem (Volcano)
  A black mamba (Lair:5)
  A water nymph (Shoals:3)
  2 humans (Lair:5)
  A leopard gecko (D:7)
  A fire vortex (Volcano)
  7 fungi
  18 plants
32 creatures vanquished.

Grand Total: 992 creatures vanquished

Notes
Turn   | Place    | Note
-------+----------+-------------------------------------------
     0 | D:1      | theElss the Gargoyle Berserker began the quest for the Orb.
     0 | D:1      | Reached XP level 1. HP: 14/14 MP: 1/1
   255 | D:1      | Reached XP level 2. HP: 18/19 MP: 2/2
   611 | D:1      | Reached skill level 1 in Shields
  1001 | D:1      | Reached XP level 3. HP: 23/23 MP: 3/3
  1037 | D:1      | Found a glowing golden altar of the Shining One.
  1206 | D:2      | Reached ** piety under Trog
  1291 | D:2      | Found a sacrificial altar of Ru.
  1918 | D:2      | Found a snail-covered altar of Cheibriados.
  1945 | D:2      | Noticed Terence
  1952 | D:2      | Killed Terence
  1952 | D:2      | Reached XP level 4. HP: 29/29 MP: 4/4
  2016 | D:2      | Reached skill level 4 in Maces & Flails
  2071 | D:2      | Noticed Ijyb
  2122 | D:2      | Killed Ijyb
  2395 | D:3      | Reached XP level 5. HP: 32/33 MP: 5/5
  3222 | D:4      | Reached *** piety under Trog
  3246 | D:4      | Reached XP level 6. HP: 38/38 MP: 6/6
  3252 | D:4      | Found a burning altar of Makhleb.
  3345 | D:4      | Reached skill level 5 in Maces & Flails
  3524 | D:4      | Noticed bmj180's ghost (novice HuBe)
  3541 | D:5      | Entered Level 5 of the Dungeon
  3559 | D:4      | Killed bmj180's ghost
  3559 | D:4      | Reached skill level 5 in Shields
  3559 | D:4      | Reached XP level 7. HP: 35/44 MP: 7/7
  3660 | D:4      | Got a jewelled long sword
  3907 | D:4      | Found a staircase to the Ecumenical Temple.
  4118 | D:5      | Reached skill level 6 in Maces & Flails
  4123 | D:5      | Reached XP level 8. HP: 48/48 MP: 8/8
  4132 | D:5      | Noticed Sigmund
  4178 | D:5      | Killed Sigmund
  4238 | D:5      | Received a gift from Trog
  4321 | D:5      | Noticed Eustachio
  4331 | D:5      | Killed Eustachio
  4373 | D:5      | Found a hide-covered altar of Uskayaw.
  4410 | D:5      | Reached skill level 5 in Fighting
  4694 | D:5      | Reached skill level 7 in Maces & Flails
  4972 | D:5      | Found a shimmering altar of Xom.
  4979 | D:5      | Found a hazy altar of Hepliaklqana.
  5155 | D:6      | Reached XP level 9. HP: 36/54 MP: 9/9
  5405 | D:6      | Found an iron altar of Okawaru.
  5433 | D:6      | Reached skill level 8 in Maces & Flails
  5463 | D:6      | Found a white marble altar of Elyvilon.
  5646 | D:6      | Found a shattered altar of Ashenzari.
  5955 | D:6      | Reached **** piety under Trog
  6479 | D:7      | Reached skill level 9 in Maces & Flails
  6661 | D:7      | Reached skill level 10 in Shields
  6784 | D:7      | Reached XP level 10. HP: 52/61 MP: 10/10
  6906 | D:7      | Found an ancient bone altar of Kikubaaqudgha.
  7408 | D:8      | Found a basalt altar of Yredelemnul.
  7411 | D:8      | Noticed a profane servitor
  7420 | D:8      | Found a glowing golden altar of the Shining One.
  7428 | D:8      | Noticed an angel
  7726 | D:8      | Reached ***** piety under Trog
  7726 | D:8      | Reached skill level 10 in Maces & Flails
  8071 | D:8      | Found Kevia's Food Shop.
  8378 | D:9      | Found a deep blue altar of Sif Muna.
  8673 | D:9      | Found a bloodstained altar of Trog.
  8766 | D:9      | Noticed a two-headed ogre
  8775 | D:9      | Killed a two-headed ogre
  8775 | D:9      | Reached XP level 11. HP: 67/67 MP: 11/11
  9126 | D:10     | Entered Level 10 of the Dungeon
  9161 | D:10     | Identified a scroll of acquirement
  9371 | D:10     | Found a staircase to the Orcish Mines.
  9463 | D:10     | Reached skill level 11 in Maces & Flails
  9610 | D:10     | Received a gift from Trog
  9630 | D:10     | Got a pair of faintly humming gloves
  9636 | D:10     | Identified the +2 pair of gloves "Qavojidgh" {rPois Regen+ Dex-2} (You found it on level 10 of the Dungeon)
 10191 | D:11     | Noticed a cyclops
 10195 | D:11     | Noticed pichaelthompson's ghost (journeyman DrSk)
 10196 | D:11     | Killed a cyclops
 10214 | D:11     | Killed pichaelthompson's ghost
 10307 | D:11     | Noticed equalderp2856's ghost (journeyman MiFi)
 10333 | D:11     | Killed equalderp2856's ghost
 10372 | D:11     | Noticed a green ugly thing
 10393 | D:11     | Killed a green ugly thing
 10393 | D:11     | Reached skill level 12 in Maces & Flails
 10551 | D:11     | Found a staircase to the Lair.
 10822 | D:11     | Reached XP level 12. HP: 75/75 MP: 7/12
 11538 | D:12     | Reached ****** piety under Trog
 11623 | D:12     | Noticed a two-headed ogre
 11635 | D:12     | Killed a two-headed ogre
 11635 | D:12     | Reached skill level 13 in Maces & Flails
 11668 | D:12     | Noticed a two-headed ogre
 11680 | D:12     | Killed a two-headed ogre
 12514 | D:13     | Noticed a two-headed hydra
 12519 | D:13     | Killed a two-headed hydra
 12989 | D:13     | Found a gate to the Vaults.
 13220 | Lair:1   | Entered Level 1 of the Lair of Beasts
 13220 | Lair:1   | Noticed a five-headed hydra
 13235 | D:11     | Killed a five-headed hydra
 13286 | D:11     | Reached XP level 13. HP: 81/81 MP: 4/13
 13309 | D:11     | Reached skill level 14 in Maces & Flails
 13388 | Lair:1   | Reached skill level 10 in Fighting
 13657 | Lair:1   | Found a dark tunnel.
 13672 | Volcano  | Entered a volcano
 14798 | Lair:2   | Received a gift from Trog
 14990 | Lair:2   | Reached skill level 15 in Shields
 15166 | Lair:2   | Got a pair of polished gloves
 15177 | Lair:2   | Identified the cursed +0 pair of gloves of Incorporation {rElec rN+} (You found it on level 2 of the Lair of Beasts)
 15402 | Lair:2   | Found a staircase to the Shoals.
 15849 | Lair:3   | Received a gift from Trog
 15903 | Lair:3   | Reached skill level 15 in Maces & Flails
 16534 | Lair:3   | Found a hole to the Spider Nest.
 16786 | Lair:3   | Gained mutation: Your large and strong wings let you fly indefinitely. [Gargoyle growth]
 16786 | Lair:3   | Reached XP level 14. HP: 90/90 MP: 4/14
 17573 | Lair:4   | Found a snail-covered altar of Cheibriados.
 17905 | Lair:5   | Reached skill level 5 in Armour
 18339 | Lair:5   | Noticed Kirke
 18351 | Lair:5   | Killed Kirke
 18351 | Lair:5   | Reached skill level 16 in Maces & Flails
 18633 | Lair:6   | Entered Level 6 of the Lair of Beasts
 18666 | Lair:6   | Found a frozen archway.
 18671 | IceCv    | Entered an ice cave
 19361 | IceCv    | Noticed a white draconian
 19374 | IceCv    | Killed a white draconian
 20220 | Lair:6   | Reached XP level 15. HP: 96/97 MP: 5/15
 20226 | Lair:6   | Received a gift from Trog
 20558 | Lair:6   | Found a burning altar of Makhleb.
 20848 | Lair:6   | Found a gateway to Hell.
 21019 | Lair:6   | Found a runed door.
 21019 | Lair:6   | Found a viscous altar of Jiyva.
 21019 | Lair:6   | Found a staircase to the Slime Pits.
 21019 | Lair:6   | Noticed an acid blob
 21019 | Lair:6   | Noticed an acid blob
 21602 | Orc:1    | Entered Level 1 of the Orcish Mines
 22045 | Orc:1    | Found a roughly hewn altar of Beogh.
 22321 | Orc:2    | Entered Level 2 of the Orcish Mines
 22427 | Orc:2    | Reached skill level 17 in Maces & Flails
 22433 | Orc:2    | Received a gift from Trog
 22696 | Orc:1    | Noticed Snorg
 22703 | Orc:1    | Killed Snorg
 22852 | Orc:2    | Found a staircase to the Elven Halls.
 22918 | Orc:2    | Found Zepad's Book Emporium.
 23337 | Orc:2    | Received a gift from Trog
 23653 | Orc:2    | Found Viastroy's Weapon Shoppe.
 23653 | Orc:2    | Found Riveziah's Book Shop.
 23653 | Orc:2    | Found Lohof's Gadget Boutique.
 23656 | Orc:2    | Found Xieran's General Store.
 24490 | D:14     | Found a basalt altar of Yredelemnul.
 24788 | D:15     | Entered Level 15 of the Dungeon
 25429 | D:15     | Received a gift from Trog
 25653 | D:15     | Reached XP level 16. HP: 94/107 MP: 5/16
 25880 | D:15     | Found a staircase to the Depths.
 26524 | Shoals:1 | Entered Level 1 of the Shoals
 26552 | Shoals:1 | Reached skill level 15 in Fighting
 27312 | Shoals:1 | Got a shimmering pewter amulet
 27341 | Shoals:1 | Identified the amulet "Cegixiy" {+Rage rC+ MR++ Str-5} (You took it off a merfolk on level 1 of the Shoals)
 27675 | Shoals:2 | Reached skill level 18 in Maces & Flails
 27693 | Shoals:2 | Received a gift from Trog
 27709 | Shoals:2 | Got a pitted morningstar {god gift}
 27842 | Lair:1   | Identified the +11 morningstar of Radicalism {venom, rN+ Int-5 Dex+4} (Trog gifted it to you on level 2 of the Shoals)
 28051 | Shoals:2 | Reached skill level 10 in Armour
 29423 | Shoals:2 | Received a gift from Trog
 29742 | Shoals:3 | HP: 7/165 [merfolk impaler/enchanted demon trident (4)]
 29994 | Shoals:3 | Reached XP level 17. HP: 116/116 MP: 17/17
 30243 | Shoals:4 | Entered Level 4 of the Shoals
 30630 | Shoals:4 | Received a gift from Trog
 31248 | Shoals:4 | Noticed Ilsuiw
 31316 | Shoals:4 | HP: 4/174 [barbs]
 31317 | Shoals:4 | HP: 1/174 [merfolk/trident (4)]
 31322 | Shoals:4 | Mangled by a snapping turtle

Skill      XL: |  1  2  3  4  5  6  7  8  9 10 11 12 13 14 15 16 17 |
---------------+----------------------------------------------------+-----
Shields        | 1 2 3 5 6 8 10 12 13 14 15 | 15.0
Maces & Flails | 4 5 6 7 9 10 12 13 15 16 17 18 | 18.7
Fighting       | 4 5 6 7 8 9 11 12 14 16 | 16.9
Armour         | 4 7 9 11 12 | 12.1
Dodging        | 2 3 |  3.2

Action                   |  1- 3 |  4- 6 |  7- 9 | 10-12 | 13-15 | 16-18 || total
-------------------------+-------+-------+-------+-------+-------+-------++-------
Melee: Mace              |   186 |   215 |   186 |       |       |       ||   587
       Unarmed           |       |     5 |       |       |       |       ||     5
       Flail             |       |       |   193 |   404 |       |       ||   597
       Morningstar       |       |       |       |   480 |  1491 |   771 ||  2742
Invok: Berserk           |     2 |     1 |     7 |     6 |     9 |     3 ||    28
       Trog's Hand       |       |       |       |     1 |     4 |     4 ||     9
       Brothers in Arms  |       |       |       |       |     1 |     3 ||     4
 Abil: Fly               |       |       |       |       |     1 |       ||     1
  Use: Scroll            |       |     2 |     2 |     6 |    10 |     9 ||    29
       Potion            |       |       |       |       |     2 |     6 ||     8
 Stab: Sleeping          |     1 |       |       |       |       |       ||     1
       Confused          |       |     2 |       |       |       |       ||     2
       Distracted        |       |       |       |       |     1 |       ||     1
  Eat: Chunk             |    15 |     9 |    18 |    44 |    53 |    24 ||   163
Armor: Animal skin       |    50 |       |       |       |       |       ||    50
       Ring mail         |    32 |   119 |   136 |   290 |    32 |       ||   609
       Plate armour      |       |       |       |       |   594 |   488 ||  1082
Dodge: Dodged            |    82 |    62 |   123 |   247 |   346 |   217 ||  1077
Block: Shield            |    89 |   107 |   198 |   459 |   943 |   581 ||  2377
